 Dungeon Crawl Stone Soup version 0.30-a0-802-gb92711bcdf (webtiles) character file.

Game seed: 4016225817115512129

76 voltaire321 the Sneak (level 4, -6/30 HPs)
             Began as an Octopode Brigand on Feb 23, 2023.
             Mangled by Grinder (10 damage)
             ... on level 3 of the Dungeon.
             The game lasted 00:03:23 (1504 turns).

voltaire321 the Sneak (Octopode Brigand)            Turns: 1504, Time: 00:03:24

Health: -6/30      AC:  1    Str: 10    XL:     4   Next: 32%
Magic:  4/4        EV: 13    Int: 13    God:
Gold:   192        SH:  0    Dex: 15    Spells: 3/3 levels left

rFire   . . .      SeeInvis .    a - +2 dagger
rCold   . . .      Faith    .    (no shield)
rNeg    . . .      Spirit   .    (helmet restricted)
rPois   .          Reflect  .    (no amulet)
rElec   .          Harm     .    (no ring)
rCorr   .          Rampage  .    (no ring)
Will    .....                    (no ring)
Stlth   ++++                     (no ring)
HPRegen 0.25/turn                (no ring)
MPRegen 0.09/turn                (no ring)
                                 (no ring)
                                 (no ring)

@: no status effects
A: almost no armour, amphibious, 8 rings, camouflage 1, gelatinous body 1,
(nimble swimmer 1), tentacles
a: no special abilities


You were on level 3 of the Dungeon.
You visited 1 branch of the dungeon, and saw 3 of its levels.

You collected 192 gold pieces.

Inventory:

Hand Weapons
 a - a +2 dagger (weapon)
 f - a +0 rapier
Missiles
 b - 9 poisoned darts (quivered)
Scrolls
 d - a scroll of fear {unknown}
 e - 2 scrolls of teleportation {unknown}
 g - a scroll of brand weapon {unknown}
 i - a scroll of blinking {unknown}
 j - 2 scrolls of identify {unknown}
 k - a scroll of torment {unknown}
 m - a scroll of noise {unknown}
Potions
 h - a potion of resistance {unknown}
 l - a potion of heal wounds {unknown}
 n - a potion of brilliance {unknown}
 o - a potion of curing {unknown}


   Skills:
 + Level 2.6 Fighting
 + Level 2.6 Short Blades
 + Level 2.6 Throwing
 + Level 1.9 Dodging
 + Level 5.9 Stealth


You had 3 spell levels left.
You didn't know any spells.
Your spell library contained the following spells:

 Spells                   Type           Power      Damage    Failure   Level
 Summon Small Mammal      Summ           0%         N/A       30%         1
 Call Canine Familiar     Summ           0%         N/A       67%         3
 Portal Projectile        Hex/Tloc       0%         N/A       67%         3
 Summon Guardian Golem    Hex/Summ       0%         N/A       67%         3
 Tukima's Dance           Hex            0%         N/A       67%         3
 Blade Hands              Tmut           0%         N/A       100%        5


Dungeon Overview and Level Annotations

Branches:
Dungeon (3/15)

Altars:

Shops:
D:3 (

Annotations:
D:3 Grinder


Innate Abilities, Weirdness & Mutations

You cannot wear most types of armour.
You are amphibious.
You can wear up to eight rings at the same time.
Your skin changes colour to match your surroundings (Stealth+).
Your rubbery body absorbs attacks. (AC +1, EV +1)
((You are camouflaged when in or above water. (Stealth+)))
You have tentacles for arms and can constrict up to eight enemies at once.


Message History

Grinder is severely wounded.
You constrict Grinder.
Grinder blinks free!
Throw: 3 darts (curare)
Press: ? - help, Q - select action, (/) - cycle Shift-Dir - straight line, f - Grinder
Aim: Grinder (severely wounded, 57% to hit)
You throw a curare-tipped dart. The curare-tipped dart hits Grinder.
Grinder is severely wounded.
Throw: 2 darts (curare)
Press: ? - help, Q - select action, (/) - cycle Shift-Dir - straight line, f/p - Grinder
Aim: Grinder (severely wounded, 57% to hit)
You throw a curare-tipped dart.
The curare-tipped dart barely misses Grinder.
Grinder says, "FISH!"
Grinder blinks!
Throw: dart (curare)
Press: ? - help, Q - select action, (/) - cycle Shift-Dir - straight line, f/p - Grinder
Aim: Grinder (severely wounded, 57% to hit)
You throw a curare-tipped dart.
The curare-tipped dart closely misses Grinder.
The kobold throws a stone.
The stone hits you.
* * * LOW HITPOINT WARNING * * *
The kobold throws a stone.
The stone misses you.
You closely miss Grinder. You grab Grinder. You squeeze Grinder.
Grinder is severely wounded.
You constrict Grinder, but do no damage.
Grinder barely misses you. The kobold closely misses you.
You hit Grinder but do no damage. You squeeze Grinder, but do no damage.
Grinder is severely wounded.
You constrict Grinder, but do no damage.
The kobold hits you but does no damage. Grinder hits you.
* * * LOW HITPOINT WARNING * * *
You writhe in agony.
* * * LOW HITPOINT WARNING * * *
You hit the kobold but do no damage. Your grab misses the kobold.
You constrict Grinder. You hit the kobold but do no damage.
Your grab misses the kobold. You squeeze the kobold.
The kobold is moderately wounded.
You constrict Grinder. Grinder hits you!
You die...

#..# #.......##
##.# #######.# #.#
#.# ♣.♣ ##'## ♣.♣
##..(## ♣.♣
##..(..## ♣.♣
##...)...##
♣.♣#####........(#
#♣.♣#...'...@5....+
#8.8#..##...K.[...#
#♣.♣##.###.......##
♣.♣ #.# ##.....##
♣.♣ #.# ##...## ♣.♣
#.# ##'## ♣.♣ #.#
.# ♣.♣##)# .#
#.##..####


You could see Grinder and a kobold.

Vanquished Creatures
  3 adders
  A dart slug (D:1)
  4 endoplasms
  A giant cockroach (D:1)
  5 goblins
  3 hobgoblins
  4 jackals
  4 kobolds
  5 quokkas
  6 ball pythons
  3 bats
  4 frilled lizards (D:2)
  A rat (D:1)
44 creatures vanquished.

Notes
Turn   | Place    | Note
-------+----------+-------------------------------------------
     0 | D:1      | voltaire321 the Octopode Brigand began the quest for the
                  | Orb.
     0 | D:1      | Reached XP level 1. HP: 14/14 MP: 1/1
    44 | D:1      | Reached XP level 2. HP: 4/19 MP: 2/2
   599 | D:2      | Reached XP level 3. HP: 23/24 MP: 3/3
  1331 | D:3      | Found Tesosaz's Weapon Shoppe.
  1344 | D:3      | Reached XP level 4. HP: 18/30 MP: 4/4
  1486 | D:3      | Noticed Grinder
  1504 | D:3      | Mangled by Grinder

Illustrated notes

Levels and vault maps discovered:
D:1:      tarquinn_simple_flora_water_a, layout_basic
D:2:      layout_loops_ring, minmay_vboxes
D:3:      layout_loops_corners, nicolae_ru_great_annihilating_truth,
          chequers_ecumenical_altar_island, serial_shops, nicolae_diamond_shop,
          dreamdust_princess_corridor, uniq_natasha, uniq_grinder

Action                     |  1- 3 |  4- 6 || total
---------------------------+-------+-------++-------
  Melee: Dagger            |    60 |    14 ||    74
         Constrict         |    13 |     3 ||    16
         Tentacles         |    11 |     7 ||    18
  Throw: Dart              |     5 |     3 ||     8
   Stab: Sleeping          |    10 |     2 ||    12
         Distracted        |     1 |       ||     1
 Armour: Skin              |     4 |     2 ||     6
  Dodge: Dodged            |    25 |     6 ||    31

Table legend: (Time is in decaauts)
 A = Elapsed time spent in this place.
 B = Non-inter-level travel time spent in this place.
 C = Inter-level travel time spent in this place.
 D = Time resting spent in this place.
 E = Time spent auto-exploring this place.
 F = Levels seen in this place.
 G = Mean time per level.
                   A        B        C        D        E       F      G
               +--------+--------+--------+--------+--------+-----+--------+
         Total |   1493 |   1380 |    113 |    116 |    930 |   3 |  497.7 |
       Dungeon |   1493 |   1380 |    113 |    116 |    930 |   3 |  497.7 |
               +--------+--------+--------+--------+--------+-----+--------+

Top non-repeatable levels by time:
     D:2: 839 daAuts
     D:1: 484 daAuts
     D:3: 169 daAuts
